 Dungeon Crawl Stone Soup version 0.27-a0-1280-g9d2d252d84 (webtiles) character file.

Game seed: 16127002998676829544

24 Glokmah the Charlatan (level 2, 0/27 HPs)
             Began as a Demonspawn Artificer on June 13, 2021.
             Was a Follower of Hepliaklqana.
             Succumbed to an adder's poison
             ... on level 2 of the Dungeon.
             The game lasted 00:03:28 (1426 turns).

Glokmah the Charlatan (Demonspawn Artificer)        Turns: 1426, Time: 00:03:28

Health: 0/27       AC:  7    Str: 12    XL:     2   Next: 79%
Magic:  2/2        EV: 10    Int: 18    God:    Hepliaklqana [*.....]
Gold:   18         SH:  0    Dex: 13    Spells: 1/1 levels left

rFire    . . .     SeeInvis .   a - +0 dagger
rCold    . . .     Faith    .   (no shield)
rNeg     + . .     Spirit   .   l - +0 ring mail
rPois    .         Reflect  .   b - +0 helmet
rElec    .         Harm     .   h - +0 cloak
rCorr    .         Rampage  .   (no gloves)
Will     .....                  (no boots)
Stlth    ..........             (no amulet)
HPRegen  0.09/turn              i - +6 ring of intelligence
MPRegen  0.08/turn              m - ring of positive energy

@: berserking, lethally poisoned (0 -> -6), very quick
A: reduced essence, powered by pain 1
a: Renounce Religion, Recall Ancestor, Ancestor Identity


You were on level 2 of the Dungeon.
You worshipped Hepliaklqana.
Hepliaklqana was aware of your devotion.
You visited 1 branch of the dungeon, and saw 2 of its levels.

You collected 18 gold pieces.

Inventory:

Hand Weapons
 a - a +0 dagger (weapon)
Missiles
 g - 16 poisoned darts (quivered)
 k - 27 stones
Armour
 b - a +0 helmet (worn)
 h - a +0 cloak (worn)
 l - a +0 ring mail (worn)
Jewellery
 i - a +6 ring of intelligence (left hand)
 m - a ring of positive energy (right hand)
Wands
 c - a wand of flame (14)
 d - a wand of charming (15)
Scrolls
 f - a scroll of identify {unknown}
Miscellaneous
 e - a piece from Xom's chessboard (15/15)


   Skills:
 + Level 1.5 Fighting
 + Level 2.1 Armour
 - Level 0.8 Dodging
 - Level 0.8 Stealth
 * Level 3.6 Evocations


You had one spell level left.
You didn't know any spells.
Your spell library was empty.

Dungeon Overview and Level Annotations

Branches:
Dungeon (2/15)

Altars:
Hepliaklqana


Innate Abilities, Weirdness & Mutations

Your life essence is reduced to manifest your ancestor. (-10% HP)
You sometimes gain a little power by taking damage.


Message History

You closely miss the adder.
You feel sick. The adder closely misses you.
The adder bites you but does no damage.
Msizi hits the adder.
You closely miss the adder.
The adder is lightly wounded.
You feel sick. The adder misses you.
Msizi hits the adder.
You completely miss the adder.
The adder is moderately wounded.
You feel sick.
You are no longer poisoned.
The adder bites you but does no damage.
Msizi completely misses the adder.
You barely miss the adder.
The adder is moderately wounded.
The adder barely misses you. The adder bites you but does no damage.
Msizi closely misses the adder.
You hit the adder but do no damage.
The adder is moderately wounded.
The adder closely misses you.
Msizi barely misses the adder.
You hit the adder.
The adder is heavily wounded.
The adder bites you.
You are lethally poisoned!
The adder poisons you!
Msizi misses the adder.
You barely miss the adder.
The adder is heavily wounded.
* * * LOW HITPOINT WARNING * * *
You feel sick. The adder bites you but does no damage.
Msizi hits the adder.
The adder bites you.
* * * LOW HITPOINT WARNING * * *
You are more poisoned.
The adder poisons you!
It was a potion of berserk rage.
A red film seems to cover your vision as you go berserk!
You feel yourself moving faster!
You feel mighty!
* * * LOW HITPOINT WARNING * * *
You feel sick. The adder bites you.
* * * LOW HITPOINT WARNING * * *
Msizi closely misses the adder.
You puncture the adder!
You kill the adder!
You die...

.####.# .#....###
####.#. '#......#
#..... .....####
#....# ...<.#..#+
+#....# .....#...
.....# .....#..#
##.[..# .....##.#
#..R†.#
........######..@..#
........##.....##....#
...............# .#..#
####.(.........# .# .#
#.).........# .# #
#.......##+## .#
#.......# .# #########
.#


You could see the friendly Msizi the ancestor.

Vanquished Creatures
  An adder (D:2)
  2 ball pythons (D:1)
  3 bats (D:1)
  2 endoplasms (D:1)
  A giant cockroach (D:1)
  4 goblins (D:1)
  A frilled lizard (D:1)
  2 kobolds
  A rat (D:2)
17 creatures vanquished.

Vanquished Creatures (collateral kills)
  2 goblins (D:2)
  A kobold (D:1)
  A frilled lizard (D:1)
4 creatures vanquished.

Vanquished Creatures (others)
  An ancestor (D:1)
1 creature vanquished.

Grand Total: 22 creatures vanquished

Notes
Turn   | Place    | Note
-------+----------+-------------------------------------------
     0 | D:1      | Glokmah the Demonspawn Artificer began the quest for the
                  | Orb.
     0 | D:1      | Reached XP level 1. HP: 15/15 MP: 1/1
   390 | D:1      | Noticed a shining eye
   392 | D:1      | Found a faded altar of an unknown god.
   402 | D:1      | Noticed a shining eye
   411 | D:1      | Noticed a floating eye
   411 | D:1      | Noticed a golden eye
   416 | D:1      | Became a worshipper of Hepliaklqana the Forgotten
   416 | D:1      | Reached * piety under Hepliaklqana
   444 | D:1      | Gained mutation: You sometimes gain a little power by
                  | taking damage. [demonic ancestry]
   444 | D:1      | Reached XP level 2. HP: 12/18 MP: 2/2
  1425 | D:2      | HP: 1/27 [adder (3)]
  1426 | D:2      | Succumbed to an adder's poison

Illustrated notes

Levels and vault maps discovered:
D:1:      zelgadis_glass_arrival_small, layout_loops_ring,
          hellmonk_ecumenical_altar_watching_god, minmay_statues_item,
          minmay_surrounded
D:2:      minmay_razor_zed, layout_basic, basic_altar, corexii_corridor_pit

Skill      XL: |  1 |
---------------+----+-----
Armour         | 2 |  2.1
Fighting       | |  1.5
Dodging        | |  0.8
Stealth        | |  0.8
Evocations     | |  3.6

Action                   || total
-------------------------++-------
Melee: Dagger            ||    62
       Club              ||    12
Throw: Dart              ||     3
Evoke: Wand              ||     1
  Use: Potion            ||     1
 Stab: Sleeping          ||     1
Armor: Leather armour    ||    11
       Ring mail         ||    19
Dodge: Dodged            ||    42

Table legend: (Time is in decaauts)
 A = Elapsed time spent in this place.
 B = Non-inter-level travel time spent in this place.
 C = Inter-level travel time spent in this place.
 D = Time resting spent in this place.
 E = Time spent auto-exploring this place.
 F = Levels seen in this place.
 G = Mean time per level.
                   A        B        C        D        E       F      G
               +--------+--------+--------+--------+--------+-----+--------+
         Total |   1429 |   1326 |    103 |    295 |    788 |   2 |  714.5 |
       Dungeon |   1429 |   1326 |    103 |    295 |    788 |   2 |  714.5 |
               +--------+--------+--------+--------+--------+-----+--------+

Top non-repeatable levels by time:
     D:1: 1271 daAuts
     D:2: 158 daAuts
